 Dungeon Crawl Stone Soup version 0.22.1-1-ga44c0e5 (webtiles) character file.

200 Fang the Skirmisher (level 5, -2/34 HPs)
             Began as a Gargoyle Berserker on Oct 31, 2018.
             Was a Follower of Trog.
             Slain by a gnoll
             ... wielding a +0 spear of chaos
              (25 damage)
             ... on level 2 of the Dungeon.
             The game lasted 00:00:42 (1141 turns).

Fang the Skirmisher (Gargoyle Berserker)            Turns: 1141, Time: 00:00:43

Health: -2/34      AC:  6    Str: 21    XL:     5   Next: 78%
Magic:  5/5        EV: 12    Int:  8    God:    Trog [*.....]
Gold:   81         SH:  0    Dex:  9    Spells: 4/4 levels left

rFire    . . .     SeeInvis .   a - +0 hand axe
rCold    . . .     Gourm    .   (no shield)
rNeg     + . .     Faith    .   b - +0 animal skin
rPois    ∞         Spirit   .   (no helmet)
rElec    +         Reflect  .   (no cloak)
rCorr    .         Harm     .   (no gloves)
MR       .....                  (no boots)
Stlth    +.........             (no amulet)
HPRegen  0.11/turn              (no ring)
MPRegen  0.09/turn              (no ring)

@: berserk cooldown, slowed, very slow
A: negative energy resistance 1, electricity resistance, unbreathing,
petrification resistance, rot immunity, AC +4
a: Berserk, Renounce Religion


You were on level 2 of the Dungeon.
You worshipped Trog.
Trog was aware of your devotion.
You were hungry.

You visited 1 branch of the dungeon, and saw 2 of its levels.

You collected 81 gold pieces.

Inventory:

Hand Weapons
 a - a +0 hand axe (weapon)
Armour
 b - a +0 animal skin (worn)
Scrolls
 d - 2 scrolls of identify {unknown}
 f - a scroll of remove curse {unknown}
 g - a scroll of enchant armour {unknown}
 i - 2 scrolls of immolation {unknown}
 j - 2 scrolls of teleportation {unknown}
 k - a scroll of random uselessness {unknown}
Potions
 e - a potion of cancellation {unknown}
 h - 3 potions of curing {unknown}
Comestibles
 c - 5 rations


   Skills:
 + Level 4.5 Fighting
 + Level 4.2 Axes
 + Level 2.6 Armour
 + Level 2.6 Dodging
 + Level 0.5 Stealth


You had 4 spell levels left.
You didn't know any spells.
Your spell library was empty.

Dungeon Overview and Level Annotations

Branches:
Dungeon (2/15)

Altars:

Annotations:
D:2 1 runed door, Robin


Innate Abilities, Weirdness & Mutations

You are resistant to torment.
Your stone body is resilient. (AC +4)
You are immune to poison.
You resist negative energy. (rN+)
You are resistant to electric shocks. (rElec)
You can survive without breathing.
You are immune to petrification.
You are immune to rotting.


Message History

Unknown command.
You slash the goblin!
You kill the goblin!
Trog accepts your kill.
You hit the goblin. x2
You kill the goblin!
Trog accepts your kill. The gnoll hits you but does no damage.
You feel as though you will be slow longer.
The goblin closely misses you. The gnoll barely misses you.
You completely miss the goblin.
The goblin is heavily wounded.
You hit the dart slug. The goblin hits you but does no damage.
The gnoll barely misses you.
The dart slug bites you but does no damage.
Robin throws the goblin at you! The goblin barely misses you. x2
The gnoll hits you from afar with a spear of chaos.
Space warps horribly around you!
Ouch! That really hurt!
You die...

#..######.# #.#
.%..# #.....####
#...### #.#
#.##....# #.....####
......###.###.##...#
##......#.
#...#..........#..#
. ##...#..#
...######.####.#)#
... ##..#.## #..#
#.#
#(..##......##...##
#..# #.#
##(...............##
#... ..#
#gg##...###.####..#
##. ### ##@)..### #.
#.#. #w#### # ...##


og# ##### ⌠Kgo# ..⌠≈≈≈ ...###≈# .⌠.#. .. .##≈.# ..≈ ####### #...... You could
see Robin, a gnoll, a dart slug, 2 orcs, 2 goblins and a kobold.

Vanquished Creatures
  Sigmund (D:2)
  An adder (D:2)
  A leopard gecko (D:2)
  An orc (D:2)
  A bat (D:1)
  9 goblins
  4 hobgoblins
  A quokka (D:2)
  A frilled lizard (D:2)
  A kobold (D:1)
  3 rats
24 creatures vanquished.

Notes
Turn   | Place    | Note
-------+----------+-------------------------------------------
     0 | D:1      | Fang the Gargoyle Berserker began the quest for the Orb.
     0 | D:1      | Reached XP level 1. HP: 14/14 MP: 1/1
   268 | D:1      | Reached XP level 2. HP: 12/19 MP: 2/2
   798 | D:2      | Found a runed door.
   915 | D:2      | Reached XP level 3. HP: 14/24 MP: 3/3
  1117 | D:2      | Noticed Sigmund
  1121 | D:2      | Killed Sigmund
  1121 | D:2      | Reached XP level 4. HP: 30/30 MP: 4/4
  1121 | D:2      | Reached XP level 5. HP: 34/34 MP: 5/5
  1133 | D:2      | Noticed Robin
  1141 | D:2      | Slain by a gnoll

Skill      XL: |  1  2  3 |
---------------+----------+-----
Axes           | 3 4 |  4.2
Fighting       | 4 |  4.5
Dodging        | 2 |  2.6
Armour         | |  2.6
Stealth        | |  0.5

Action                   |  1- 3 |  4- 6 || total
-------------------------+-------+-------++-------
Melee: Hand axe          |    52 |    17 ||    69
Invok: Berserk           |     2 |       ||     2
  Eat: Chunk             |     2 |       ||     2
Armor: Animal skin       |    20 |    14 ||    34
Dodge: Dodged            |    48 |    25 ||    73
